 Dungeon Crawl Stone Soup version 0.24-a0-235-g3f03afc (webtiles) character file.

Game seed: 7765318558768334960

156 technobutter the Poker (level 5, -2/42 HPs)
             Began as a Merfolk Fighter on Apr 5, 2019.
             Killed by divine providence
             ... invoked by an orc priest
              (7 damage)
             ... on level 6 of the Dungeon.
             The game lasted 00:05:43 (1611 turns).

technobutter the Poker (Merfolk Fighter)            Turns: 1611, Time: 00:05:43

Health: -2/42      AC:  6    Str: 17    XL:     5   Next: 38%
Magic:  5/5        EV:  7    Int:  7    God:
Gold:   124        SH:  9    Dex: 14    Spells: 4/4 levels left

rFire    . . .     SeeInvis .   a - +1 trident
rCold    . . .     Gourm    .   c - +0 shield
rNeg     . . .     Faith    .   b - +0 scale mail
rPois    .         Spirit   .   (no helmet)
rElec    .         Reflect  .   (no cloak)
rCorr    .         Harm     .   (no gloves)
MR       .....                  (no boots)
Stlth    ..........             (no amulet)
HPRegen  0.14/turn              (no ring)
MPRegen  0.09/turn              (no ring)

@: no status effects
A: change form in water, swift swim, stealthy swim
a: no special abilities


You were on level 6 of the Dungeon.
You were not hungry.

You visited 1 branch of the dungeon, and saw 5 of its levels.

You collected 124 gold pieces.

Inventory:

Hand Weapons
 a - a +1 trident (weapon)
Armour
 b - a +0 scale mail (worn)
 c - a +0 shield (worn)
Scrolls
 k - a scroll of fear {unknown}
 l - a scroll of identify
 n - a scroll of teleportation
Potions
 d - 2 potions of might
 e - a potion of lignification {unknown}
 g - a potion of resistance {unknown}
 h - a potion of degeneration {unknown}
 i - a potion of heal wounds
 j - a potion of ambrosia {unknown}
 m - a potion of curing {unknown}
Comestibles
 f - 6 rations


   Skills:
 + Level 4.1 Fighting
 + Level 4.7 Polearms
 + Level 2.9 Armour
 + Level 1.1 Dodging
 + Level 0.4 Stealth
 + Level 3.7 Shields


You had 4 spell levels left.
You didn't know any spells.
Your spell library contained the following spells:

 Spells                   Type           Power        Failure   Level  Hunger
 Corona                   Hex            #......      100%        1    ##.....
 Magic Dart               Conj           #...         100%        1    ##.....
 Blink                    Tloc           N/A          100%        2    ###....
 Call Imp                 Summ           #.......     100%        2    ###....
 Ensorcelled Hibernation  Hex/Ice        #.....       100%        2    ###....
 Slow                     Hex            #.......     100%        2    ###....
 Confuse                  Hex            #.......     100%        3    ####...
 Conjure Flame            Conj/Fire      #.......     100%        3    ####...
 Dazzling Spray           Conj/Hex       #.....       100%        3    ####...
 Mephitic Cloud           Conj/Pois/Air  #.......     100%        3    ####...
 Tukima's Dance           Hex            #.......     100%        3    ####...


Dungeon Overview and Level Annotations

Branches:
Dungeon (6/15)
 Temple: D:4-7

Altars:


Message History

The orc priest hits you.
* * * LOW HITPOINT WARNING * * *
You hit the orc priest.
The orc priest is lightly wounded.
The orc priest closely misses you.
You hit the orc priest but do no damage.
The orc priest is lightly wounded.
You block the orc priest's attack. The orc hits you but does no damage.
The orc priest hits you but does no damage.
You puncture the orc priest!
The orc priest is severely wounded.
The orc priest mumbles some strange prayers to Beogh against you.
Pain shoots through your body!
* * * LOW HITPOINT WARNING * * *
You block the orc's attack.
You hit the orc priest.
The orc priest is almost dead.
The orc priest invokes the aid of Beogh against you.
Beogh smites you!
You die...

#.#.o.# .####..S#
........# ####.#.s#
###.#...#
..###..#########
###.#....co...c.#
#...#######oo# #...#
#@.# #...#######..#
#.........#..########
#..#.......>..).....#
#..######...........#
#..# #..#######.>#
###..######..#
#..####
#............#
#≈≈≈≈≈#
#.#..######..#
#≈###≈#####


You could see a centaur, an orc priest and an orc.

Vanquished Creatures
  2 adders
  An ooze (D:2)
  A leopard gecko (D:1)
  5 orcs
  4 giant cockroaches
  2 goblins (D:3)
  8 hobgoblins
  4 kobolds
  2 quokkas (D:2)
  6 bats
  2 frilled lizards (D:2)
37 creatures vanquished.

Vanquished Creatures (others)
  A sky beast (D:6)
1 creature vanquished.

Grand Total: 38 creatures vanquished

Notes
Turn   | Place    | Note
-------+----------+-------------------------------------------
     0 | D:1      | technobutter the Merfolk Fighter began the quest for the
                  | Orb.
     0 | D:1      | Reached XP level 1. HP: 18/18 MP: 1/1
   131 | D:2      | Reached XP level 2. HP: 24/24 MP: 2/2
   442 | D:2      | Reached XP level 3. HP: 27/30 MP: 3/3
  1397 | D:3      | Found a faded altar of an unknown god.
  1455 | D:3      | You fall through a shaft for 2 floors!
  1455 | D:5      | Entered Level 5 of the Dungeon
  1565 | D:6      | Noticed a sky beast
  1566 | D:6      | Reached XP level 4. HP: 24/37 MP: 4/4
  1581 | D:6      | Noticed a centaur
  1599 | D:6      | Killed a sky beast
  1599 | D:6      | Reached skill level 1 in Dodging
  1599 | D:6      | Reached XP level 5. HP: 12/42 MP: 5/5
  1611 | D:6      | Killed from afar by an orc priest

Levels and vault maps discovered:
D:1:      roderic_chinese_lattice_arrival, layout_basic,
          minmay_misc_feat_plants, minmay_tetromino_t4
D:2:      layout_basic, minmay_bisected
D:3:      layout_rooms, chequers_ecumenical_altar_simple, first_ration
D:5:      layout_basic, basic_altar
D:6:      layout_loops_ring, kennysheep_mini_moat, temple_fountains,
          uniq_prince_ribbit1, uniq_crazy_yiuf_cottage

Skill      XL: |  1  2  3  4 |
---------------+-------------+-----
Fighting       | 4 |  4.1
Polearms       | 4 |  4.7
Dodging        | 1 |  1.1
Armour         | |  2.9
Stealth        | |  0.4
Shields        | |  3.7

Action                   |  1- 3 |  4- 6 || total
-------------------------+-------+-------++-------
Melee: Trident           |   130 |    35 ||   165
  Use: Scroll            |     5 |       ||     5
       Potion            |       |     2 ||     2
  Eat: Ration            |     1 |       ||     1
Armor: Scale mail        |    48 |    12 ||    60
Dodge: Dodged            |    25 |     9 ||    34
Block: Shield            |    44 |    13 ||    57

Table legend:
 A = Non-vault XP
 B = Vault XP
 C = Vault XP percentage of total XP
 D = Non-vault monster count
 E = Vault monster count
 F = Vault count percentage of total count
                 A         B        C        D         E       F
            +---------+---------+-------+---------+---------+-------
      Total |     222 |       2 |   0.9 |      36 |       2 |   5.3
            +---------+---------+-------+---------+---------+-------
        D:1 |       7 |       0 |   0.0 |       3 |       0 |   0.0
        D:2 |      44 |       2 |   4.3 |      16 |       2 |  11.1
        D:3 |      19 |       0 |   0.0 |      10 |       0 |   0.0
        D:6 |     152 |       0 |   0.0 |       7 |       0 |   0.0
            +---------+---------+-------+---------+---------+-------
